 Dungeon Crawl Stone Soup version 0.23.2 (webtiles) character file.

Game seed: 404547973967734992

35 Borgoz the Cutter (level 3, -5/30 HPs)
             Began as a Ghoul Gladiator on Apr 4, 2019.
             Slain by Sigmund
             ... wielding a +0 scythe
              (13 damage)
             ... on level 3 of the Dungeon.
             The game lasted 00:01:56 (1621 turns).

Borgoz the Cutter (Ghoul Gladiator)                 Turns: 1621, Time: 00:01:57

Health: -5/30      AC:  4    Str: 17    XL:     3   Next: 35%
Magic:  2/2        EV: 12    Int:  4    God:
Gold:   151        SH:  0    Dex: 10    Spells: 2/2 levels left

rFire    . . .     SeeInvis .   a - +0 rapier
rCold    + . .     Gourm    .   (no shield)
rNeg     + + +     Faith    .   b - +0 leather armour
rPois    ∞         Spirit   .   c - +0 helmet
rElec    .         Reflect  .   (no cloak)
rCorr    .         Harm     .   (no gloves)
MR       .....                  (no boots)
Stlth    +.........             (no amulet)
HPRegen  0.00/turn              (no ring)
MPRegen  0.08/turn              (no ring)

@: rotting
A: rotting body, claws 1, carnivore, cold resistance 1, negative energy
resistance 3, inhibited regeneration, torment resistance, unbreathing
a: no special abilities


You were on level 3 of the Dungeon.
You were not hungry.

You visited 1 branch of the dungeon, and saw 3 of its levels.

You collected 151 gold pieces.

Inventory:

Hand Weapons
 a - a +0 rapier (weapon)
Missiles
 d - 3 throwing nets (quivered)
 t - 2 tomahawks
Armour
 b - a +0 leather armour (worn)
 c - a +0 helmet (worn)
Wands
 s - a wand of random effects (20)
Scrolls
 e - a scroll of fog
 h - a scroll of magic mapping {unknown}
 i - a scroll of remove curse {unknown}
 j - 3 scrolls of teleportation {unknown}
 l - a scroll of blinking {unknown}
 m - a scroll of fear {unknown}
 p - a scroll of immolation {unknown}
 v - 2 scrolls of enchant weapon {unknown}
 w - a scroll of amnesia {unknown}
Potions
 g - a potion of flight
 k - 2 potions of magic {unknown}
 n - 3 potions of curing
 o - a potion of resistance {unknown}
 q - a potion of lignification {unknown}
 u - a potion of might {unknown}
Comestibles
 f - 4 rations
 r - a chunk of flesh


   Skills:
 + Level 2.4 Fighting
 * Level 3.1 Short Blades
 - Level 1.7 Throwing
 * Level 1.1 Armour
 * Level 3.0 Dodging
 + Level 0.6 Stealth


You had 2 spell levels left.
You didn't know any spells.
Your spell library was empty.

Dungeon Overview and Level Annotations

Branches:
Dungeon (3/15)

Altars:

Annotations:
D:3 Sigmund


Innate Abilities, Weirdness & Mutations

Your body is rotting away.
You thrive on raw meat.
You are immune to poison.
You have sharp fingernails.
You are carnivorous and can eat meat at any time.
Your flesh is cold resistant. (rC+)
You are immune to negative energy. (rN+++)
You do not regenerate when monsters are visible.
You are immune to unholy pain and torment.
You can survive without breathing.


Message History

The puff of flame hits you.
You swing at nothing.
You hear some strange, mumbled words.
You are confused.
You're too confused to attack without stumbling around!
You're too confused to attack without stumbling around!
You're too confused to attack without stumbling around!
You're too confused to attack without stumbling around!
You're too confused to attack without stumbling around!
You're too confused to attack without stumbling around!
You're too confused to attack without stumbling around!
Something hits you!
You bump into the rock wall.
Something hits you!
* * * LOW HITPOINT WARNING * * *
Something hits you.
* * * LOW HITPOINT WARNING * * *
You're too confused to move!
You feel less confused. Something hits you!
You die...

...# #..###
#..#.. #..#.#
#..#.# #..#<#
########.##.#
.../....@...#
########.####
#?# ..# ...#
#####


There were no monsters in sight!

Vanquished Creatures
  An ooze (D:1)
  2 dart slugs (D:1)
  A ball python (D:2)
  5 giant cockroaches
  4 goblins
  A hobgoblin (D:2)
  2 frilled lizards (D:1)
  6 kobolds
  4 rats
26 creatures vanquished.

Notes
Turn   | Place    | Note
-------+----------+-------------------------------------------
     0 | D:1      | Borgoz the Ghoul Gladiator began the quest for the Orb.
     0 | D:1      | Reached XP level 1. HP: 17/17 MP: 0/0
   221 | D:1      | Reached XP level 2. HP: 13/24 MP: 1/1
   391 | D:1      | Reached skill level 1 in Armour
   428 | D:1      | Reached XP level 3. HP: 20/29 MP: 2/2
  1608 | D:3      | Noticed Sigmund
  1621 | D:3      | Slain by Sigmund

Skill      XL: |  1  2 |
---------------+-------+-----
Short Blades   | 3 |  3.1
Armour         | 1 |  1.1
Dodging        | 3 |  3.0
Fighting       | |  2.4
Throwing       | |  1.7
Stealth        | |  0.6

Action                   || total
-------------------------++-------
Melee: Rapier            ||    93
  Use: Scroll            ||     3
  Eat: Chunk             ||    13
Armor: Leather armour    ||    33
Dodge: Dodged            ||    62
